 Dungeon Crawl Stone Soup version 0.29-a0-973-gac7da5f7f0 (webtiles) character file.

Game seed: 13518444704220380692

139 xian the Covered (level 5, -1/47 HPs)
             Began as a Minotaur Fighter on Aug 1, 2022.
             Slain by an iron imp (9 damage)
             ... summoned by Natasha
             ... on level 3 of the Dungeon.
             The game lasted 00:04:37 (2174 turns).

xian the Covered (Minotaur Fighter)                 Turns: 2174, Time: 00:04:37

Health: -1/47      AC:  9    Str: 22    XL:     5   Next: 1%
Magic:  4/4        EV:  9    Int:  5    God:
Gold:   102        SH:  4    Dex: 10    Spells: 4/4 levels left

rFire   . . .      SeeInvis .   e - +0 whip (venom)
rCold   . . .      Faith    .   c - +0 buckler
rNeg    . . .      Spirit   .   b - +0 scale mail
rPois   .          Reflect  .   j - +2 hat
rElec   .          Harm     .   (no cloak)
rCorr   .          Rampage  .   (no gloves)
Will    .....                   (no boots)
Stlth   ..........              (no amulet)
HPRegen 0.15/turn               (no ring)
MPRegen 0.09/turn               (no ring)

@: mighty
A: horns 2, retaliatory headbutt
a: no special abilities


You were on level 3 of the Dungeon.
You visited 1 branch of the dungeon, and saw 3 of its levels.

You collected 102 gold pieces.

Inventory:

Hand Weapons
 a - a +0 flail
 e - a +0 whip of venom (weapon)
Missiles
 m - 3 poisoned darts (quivered)
Armour
 b - a +0 scale mail (worn)
 c - a +0 buckler (worn)
 j - a +2 hat (worn)
Scrolls
 k - a scroll of teleportation
 l - a scroll of vulnerability {unknown}
 o - a scroll of identify {unknown}
 r - a scroll of magic mapping {unknown}
 s - a scroll of noise {unknown}
Potions
 f - 4 potions of curing {unknown}
 g - a potion of cancellation {unknown}
 h - a potion of mutation {unknown}
 i - a potion of invisibility {unknown}
 p - a potion of attraction {unknown}
 q - a potion of flight {unknown}


   Skills:
 + Level 4.4 Fighting
 + Level 4.1 Maces & Flails
 + Level 4.5 Armour
 + Level 1.3 Dodging
 + Level 0.3 Stealth
 + Level 4.1 Shields


You had 4 spell levels left.
You didn't know any spells.
Your spell library contained the following spells:

 Spells                   Type           Power      Damage    Failure   Level
 Summon Guardian Golem    Hex/Summ       0%         N/A       99%         3
 Orb of Destruction       Conj           0%         9d5       100%        7
 Spellforged Servitor     Conj/Summ      0%         N/A       100%        7


Dungeon Overview and Level Annotations

Branches:
Dungeon (3/15)

Altars:

Annotations:
D:3 Grinder, Natasha


Innate Abilities, Weirdness & Mutations

You have a pair of horns on your head.
You reflexively headbutt those who attack you in melee.


Message History

The giant cockroach misses you. Grinder gestures at you.
Pain shoots through your body!
You closely miss Grinder.
Grinder is moderately wounded.
The giant cockroach bites you but does no damage. x2
Natasha mumbles some strange words.
Grinder hits you.
You writhe in agony.
You whack Grinder!
Grinder is heavily wounded.
You block the giant cockroach's attack.
You barely miss Grinder.
Grinder is heavily wounded.
Grinder gestures at you.
You suddenly lose the ability to move!
Natasha barely misses you.
The giant cockroach bites you but does no damage.
Natasha casts a spell at you. The magic dart hits you.
Grinder completely misses you.
The giant cockroach bites you but does no damage.
Grinder hits you.
You writhe in agony.
Natasha claws you but does no damage.
The giant cockroach bites you but does no damage.
The iron imp hits you.
* * * LOW HITPOINT WARNING * * *
You can move again.
You closely miss Grinder. Your headbutt misses Grinder.
Grinder is heavily wounded.
Grinder hits you but does no damage. You block Natasha's attack.
The giant cockroach closely misses you. You furiously retaliate!
You headbutt the giant cockroach. You whack Grinder!
Grinder is almost dead.
Grinder blinks!
Natasha claws you.
* * * LOW HITPOINT WARNING * * *
You block the giant cockroach's attack. The iron imp hits you.
* * * LOW HITPOINT WARNING * * *
The air fills with toxic fumes!
As you read the scroll labelled AREULY XEUNT, it crumbles to dust.
It was a scroll of poison.
You block the giant cockroach's attack. Natasha claws you but does no damage.
The iron imp hits you!
You die...

##....#.##.#.#
#.#
##...§§§..#.#
#.# #§###§##[#
# #.#
#§###§§###.#
#.#
#.§§§§§§... #
#..§§§§### .
#...§§§§##§5§
#####5h§§§§§§
#@B§§§§§§
#§§§§§§§§
#§§§§§§§§
###§§§§§§
§§§§§§ §§§§§§
.§§§§§ §§§§§


You could see Grinder (very poisoned), an iron imp (summoned), Natasha and a
giant cockroach.

Vanquished Creatures
  Jessica (D:3)
  An iguana (D:3)
  A gnoll (D:1)
  3 adders (D:2)
  A worm (D:2)
  2 dart slugs
  A bat (D:2)
  5 endoplasms
  A giant cockroach (D:1)
  2 hobgoblins (D:1)
  2 jackals (D:1)
  2 quokkas
  7 ball pythons
  4 frilled lizards
  5 goblins
  3 kobolds
  5 rats
46 creatures vanquished.

Notes
Turn   | Place    | Note
-------+----------+-------------------------------------------
     0 | D:1      | xian the Minotaur Fighter began the quest for the Orb.
     0 | D:1      | Reached XP level 1. HP: 19/19 MP: 0/0
    56 | D:1      | Reached XP level 2. HP: 10/27 MP: 1/1
   523 | D:1      | Found a faded altar of an unknown god.
   702 | D:1      | Reached XP level 3. HP: 30/33 MP: 2/2
  1945 | D:2      | Reached skill level 1 in Dodging
  1945 | D:2      | Reached XP level 4. HP: 40/40 MP: 3/3
  2109 | D:3      | Noticed Jessica
  2115 | D:3      | Killed Jessica
  2116 | D:3      | Reached XP level 5. HP: 42/47 MP: 4/4
  2156 | D:3      | Noticed Grinder
  2160 | D:3      | Noticed Natasha
  2169 | D:3      | Paralysed by Grinder for 2 turns
  2174 | D:3      | Slain by an iron imp

Illustrated notes

Levels and vault maps discovered:
D:1:      onia_arrival_handbag, layout_basic, chequers_ecumenical_altar_twisty,
          minmay_misc_feat_alley
D:2:      layout_basic, st_stairs_4
D:3:      layout_basic, uniq_jessica, uniq_grinder, uniq_natasha

Skill      XL: |  1  2  3  4 |
---------------+-------------+-----
Armour         | 4 |  4.5
Fighting       | 4 |  4.4
Maces & Flails | 3 4 |  4.1
Shields        | 4 |  4.1
Dodging        | 1 |  1.3
Stealth        | |  0.3

Action                   |  1- 3 |  4- 6 || total
-------------------------+-------+-------++-------
Melee: Flail             |     6 |       ||     6
       Whip              |    74 |    32 ||   106
       Headbutt          |     9 |     5 ||    14
  Use: Scroll            |       |     2 ||     2
       Potion            |       |     1 ||     1
Armor: Scale mail        |    25 |    21 ||    46
Dodge: Dodged            |    36 |    13 ||    49
Block: Buckler           |     9 |     8 ||    17

Table legend: (Time is in decaauts)
 A = Elapsed time spent in this place.
 B = Non-inter-level travel time spent in this place.
 C = Inter-level travel time spent in this place.
 D = Time resting spent in this place.
 E = Time spent auto-exploring this place.
 F = Levels seen in this place.
 G = Mean time per level.
                   A        B        C        D        E       F      G
               +--------+--------+--------+--------+--------+-----+--------+
         Total |   2172 |   2061 |    111 |      0 |   1559 |   3 |  724.0 |
       Dungeon |   2172 |   2061 |    111 |      0 |   1559 |   3 |  724.0 |
               +--------+--------+--------+--------+--------+-----+--------+

Top non-repeatable levels by time:
     D:1: 1313 daAuts
     D:2: 728 daAuts
     D:3: 131 daAuts
